 Dungeon Crawl Stone Soup version 0.25-a0-611-g6918904 (webtiles) character file.

Game seed: 1385264981308153986, levelgen mode: deterministic

2665 BlueFish the Destroyer (level 9, -7/71 HPs)
             Began as a White Draconian Conjurer on Mar 16, 2020.
             Was a Follower of Vehumet.
             Mangled by an orc warrior
             ... wielding a +0 trident
              (19 damage)
             ... on level 8 of the Dungeon.
             The game lasted 00:30:18 (8424 turns).

BlueFish the Destroyer (White Draconian Conjurer)   Turns: 8424, Time: 00:30:19

Health: -7/71      AC: 11    Str: 12    XL:     9   Next: 36%
Magic:  2/16       EV: 13    Int: 21    God:    Vehumet [*.....]
Gold:   94         SH:  0    Dex: 11    Spells: 4/18 levels left

rFire    . . .     SeeInvis +   r - +0 whip (elec)
rCold    + + .     Gourm    .   (no shield)
rNeg     . . .     Faith    .   (armour unavailable)
rPois    .         Spirit   .   s - +2 hat {Int+3}
rElec    .         Reflect  .   (no cloak)
rCorr    .         Harm     .   (no gloves)
MR       .....                  j - +1 pair of boots
Stlth    ++........             (no amulet)
HPRegen  0.21/turn              e - ring of see invisible
MPRegen  0.15/turn              k - ring of protection from cold

@: no status effects
A: breathe frost, unfitting armour, cold resistance 1, cold-blooded, AC +7
a: Breathe Frost, Renounce Religion


You were on level 8 of the Dungeon.
You worshipped Vehumet.
Vehumet was aware of your devotion.
You were not hungry.

You visited 2 branches of the dungeon, and saw 9 of its levels.
You also visited: Sewer.

You collected 255 gold pieces.
You spent 161 gold pieces at shops.

Inventory:

Hand Weapons
 m - a +1 whip of flaming
 q - a +1 short sword of speed
 r - a +0 whip of electrocution (weapon)
Armour
 j - a +1 pair of boots (worn)
 s - a +2 hat of intelligence (worn)
Jewellery
 e - a ring of see invisible (left hand)
 k - a ring of protection from cold (right hand)
Wands
 i - a wand of enslavement (8)
 o - a wand of flame (26)
Scrolls
 c - 2 scrolls of amnesia
 g - a scroll of fog
 n - a scroll of enchant armour
 p - a scroll of enchant weapon
 u - a scroll of remove curse
 v - a scroll of torment {unknown}
Potions
 a - a potion of brilliance
 d - 3 potions of flight
 f - 2 potions of curing
 h - a potion of stabbing
 l - a potion of invisibility
 w - a potion of might
Comestibles
 b - 12 rations
 t - a chunk of flesh


   Skills:
 + Level 3.8 Fighting
 + Level 3.3 Short Blades
 + Level 2.9 Maces & Flails
 + Level 4.3 Dodging
 + Level 3.7 Stealth
 + Level 0.4 Unarmed Combat
 + Level 5.3 Spellcasting
 * Level 9.1 Conjurations
 + Level 0.2 Hexes


You had 4 spell levels left.
You knew the following spells:

 Your Spells              Type           Power        Failure   Level  Hunger
a - Magic Dart            Conj           ####         1%          1    None
b - Searing Ray           Conj           #####.       1%          2    None
c - Dazzling Flash        Conj/Hex       ####..       4%          3    ##.....
d - Fulminant Prism       Conj/Hex       ####......   16%         4    ####...
e - Iskenderun's Mystic   Conj/Tloc      ###.....     16%         4    ####...

Your spell library contained the following spells:

 Spells                   Type           Power        Failure   Level  Hunger
 Sandblast                Erth           #.....       11%         1    None


Dungeon Overview and Level Annotations

Branches:
Dungeon (8/15)             Temple (1/1) D:6           Sewer (visited)
   Lair: D:8-11

Altars:
Ashenzari
Cheibriados
Dithmenos
Elyvilon
Fedhas
Gozag
Hepliaklqana
Kikubaaqudgha
Makhleb
Nemelex Xobeh
Okawaru
Qazlal
Ru
Sif Muna
Trog
Uskayaw
Vehumet
Wu Jian
Xom
Yredelemnul
Zin
The Shining One

Shops:
D:5 [   D:6 *

Annotations:
D:6 2 transporters, Rydian's ghost, novice MfIE


Innate Abilities, Weirdness & Mutations

You can breathe waves of freezing cold.
You can buffet flying creatures when you breathe cold.
Your icy white scales are hard. (AC +7)
You cannot fit into any form of body armour.
Your flesh is cold resistant. (rC+)
You are cold-blooded and may be slowed by cold attacks.


Message History

The orc wizard hits you with a +0 war axe.
* * * LOW HITPOINT WARNING * * *
You hit the orc priest but do no damage.
The orc priest is heavily wounded.
The orc priest misses you.
You closely miss the orc priest.
The orc priest is heavily wounded.
An adder comes into view.
The orc wizard barely misses you.
The orc priest invokes the aid of Beogh against you.
Pain shoots through your body!
* * * LOW HITPOINT WARNING * * *
An orc comes into view. It is wielding a +0 hand axe.
As you read the scroll labeled VIM CAVENWURR, it crumbles to dust.
The scroll dissolves into smoke.
It was a scroll of fog.
The orc wizard hits you with a +0 war axe.
* * * LOW HITPOINT WARNING * * *
The orc priest closely misses you.
The orc warrior hits you from afar with a +0 trident!!
You die...

#/ o## . ##. ..#
. ..
..##.#####..
...##...........
#.)..........##
#..§§o......#
#..§oo......
#.§§@§§...#
.......§§§....#
####..§.......#
.........)...#
####.$.........
#.........##
............
#############


You could see an orc warrior, an orc priest and an orc wizard.

Vanquished Creatures
  Pikel (D:4)
  Grinder (D:4)
  A hungry ghost (D:3)
  An ogre (D:7)
  An orc warrior (D:7)
  2 centaurs
  A big kobold (D:7)
  5 bullfrogs
  2 scorpions
  A howler monkey (D:4)
  3 crimson imps
  A jelly (D:7)
  A bullfrog skeleton (D:5)
  A hound (D:7)
  4 orc priests
  2 iguanas
  2 orc wizards
  7 worker ants
  2 worker ant zombies (D:5)
  Robin (D:4)
  21 adders
  3 gnolls (D:2)
  6 oozes (Sewer)
  An adder zombie (D:7)
  A worm (D:2)
  2 dart slugs (D:1)
  25 leopard geckos
  10 orcs
  6 bats
  21 giant cockroaches
  9 goblins
  6 hobgoblins
  14 jackals
  15 kobolds
  2 quokkas
  11 ball pythons (Sewer)
  13 frilled lizards
  A jackal zombie (D:3)
  2 quokka skeletons
  12 rats
221 creatures vanquished.

Vanquished Creatures (others)
  A slave (D:4)
  A giant cockroach (D:4)
  9 goblins (D:4)
  2 hobgoblins (D:4)
13 creatures vanquished.

Grand Total: 234 creatures vanquished

Notes
Turn   | Place    | Note
-------+----------+-------------------------------------------
     0 | D:1      | BlueFish the Draconian Conjurer began the quest for the
                  | Orb.
     0 | D:1      | Reached XP level 1. HP: 14/14 MP: 3/3
    83 | D:1      | Reached XP level 2. HP: 19/20 MP: 0/5
   144 | D:1      | Learned a level 2 spell: Searing Ray
   461 | D:1      | Reached XP level 3. HP: 22/26 MP: 3/6
  1073 | D:2      | Reached skill level 5 in Conjurations
  1073 | D:2      | Reached XP level 4. HP: 22/33 MP: 4/7
  1362 | D:2      | Learned a level 3 spell: Dazzling Flash
  1669 | D:2      | Reached XP level 5. HP: 38/38 MP: 3/8
  2042 | D:3      | Found a glowing golden altar of the Shining One.
  2129 | D:3      | Noticed a hungry ghost
  2216 | D:3      | Reached skill level 6 in Conjurations
  2463 | D:3      | Killed a hungry ghost
  2463 | D:3      | Reached skill level 1 in Maces & Flails
  2463 | D:3      | Reached XP level 6. HP: 46/46 MP: 1/10
  3099 | D:4      | Noticed a slave
  3102 | D:4      | Noticed Pikel
  3102 | D:4      | Noticed a slave
  3177 | D:4      | Noticed a slave
  3185 | D:4      | Noticed a slave
  3202 | D:4      | Found a glowing drain.
  3221 | Sewer    | Entered a sewer
  3456 | Sewer    | Reached skill level 7 in Conjurations
  3536 | Sewer    | Your scales start taking on an icy white colour.
  3536 | Sewer    | Reached XP level 7. HP: 51/51 MP: 5/12
  3536 | Sewer    | Gained mutation: Your flesh is cold resistant. (rC+) [White
                  | Draconian growth]
  3804 | Sewer    | Upgraded the game from 0.25-a0-598-gc9c9e4c to
                  | 0.25-a0-611-g6918904
  4155 | Sewer    | Reached skill level 1 in Fighting
  4282 | D:4      | Killed Pikel
  4282 | D:4      | Reached skill level 1 in Short Blades
  4282 | D:4      | Reached skill level 8 in Conjurations
  4282 | D:4      | Reached XP level 8. HP: 37/59 MP: 1/14
  4545 | D:4      | Noticed Grinder
  4554 | D:4      | Killed Grinder
  4677 | D:4      | Noticed Robin
  4683 | D:4      | Killed Robin
  4918 | D:5      | Entered Level 5 of the Dungeon
  5103 | D:5      | Found a glowing silver altar of Zin.
  5766 | D:5      | Reached skill level 5 in Spellcasting
  5914 | D:5      | Found Bozao's Antique Armour Boutique.
  6027 | D:6      | Found a staircase to the Ecumenical Temple.
  6056 | D:6      | Found a transporter.
  6057 | D:6      | Noticed Rydian's ghost (novice MfIE)
  6075 | D:6      | Found a transporter.
  6682 | D:6      | Found Panaipn's Assorted Antiques.
  6685 | D:6      | Bought an embroidered hat for 161 gold pieces
  6959 | Temple   | Entered the Ecumenical Temple
  7054 | Temple   | Became a worshipper of Vehumet
  7060 | Temple   | Learned a level 4 spell: Fulminant Prism
  7065 | Temple   | Learned a level 4 spell: Iskenderun's Mystic Blast
  7406 | D:7      | Reached XP level 9. HP: 45/68 MP: 16/16
  7702 | D:7      | Reached skill level 9 in Conjurations
  8371 | D:8      | Reached * piety under Vehumet
  8371 | D:8      | Offered knowledge of Sandblast by Vehumet.
  8424 | D:8      | Mangled by an orc warrior

Levels and vault maps discovered:
D:1:      ncdulo_lavacross, layout_basic, minmay_tiny_reverse_x
D:2:      minmay_diamond_boxcup, layout_basic, bh_walls_and_bars
D:3:      layout_basic, first_ration, tso_metal_star
D:4:      layout_cave_pools, gup_sewer_entry_glass, uniq_robin, uniq_pikel,
          uniq_grinder
D:5:      layout_cave_pods, zin_scriptorium, serial_shops, shop_statue
D:6:      layout_gridville, minmay_temple_entry_proselytizer, serial_shops,
          kennysheep_mini, gammafunk_ghost_mausoleum
D:7:      layout_rooms
D:8:      layout_rooms
Temple:   kilobyte_greek_temple

Skill      XL: |  1  2  3  4  5  6  7  8  9 |
---------------+----------------------------+-----
Stealth        | 2 3 |  3.7
Dodging        | 2 3 4 |  4.3
Conjurations   | 5 6 7 8 9 |  9.1
Maces & Flails | 1 2 |  2.9
Spellcasting   | 3 4 5 |  5.3
Fighting       | 1 2 3 |  3.8
Short Blades   | 1 3 |  3.3
Unarmed Combat | |  0.4
Hexes          | |  0.2

Action                   |  1- 3 |  4- 6 |  7- 9 || total
-------------------------+-------+-------+-------++-------
Melee: Unarmed           |    12 |       |       ||    12
       Tailslap          |     3 |     5 |    26 ||    34
       Whip              |    11 |    22 |   190 ||   223
       Short sword       |       |    21 |    99 ||   120
 Cast: Magic Dart        |    43 |   135 |   232 ||   410
       Searing Ray       |     3 |     4 |    13 ||    20
       Dazzling Flash    |       |       |     8 ||     8
  Use: Scroll            |     1 |     7 |     8 ||    16
 Stab: Invisible         |       |       |     3 ||     3
       Sleeping          |       |       |     1 ||     1
  Eat: Chunk             |     1 |    10 |    13 ||    24
       Ration            |       |       |     1 ||     1
Armor: Skin              |    19 |    30 |   143 ||   192
Dodge: Dodged            |    35 |    63 |   246 ||   344

Table legend:
 A = Non-vault XP
 B = Vault XP
 C = Vault XP percentage of total XP
 D = Non-vault monster count
 E = Vault monster count
 F = Vault count percentage of total count
                 A         B        C        D         E       F
            +---------+---------+-------+---------+---------+-------
      Total |    2484 |    1324 |  34.8 |     145 |      76 |  34.4
            +---------+---------+-------+---------+---------+-------
        D:1 |      46 |       4 |   8.0 |      23 |       2 |   8.0
        D:2 |     163 |      10 |   5.8 |      31 |       6 |  16.2
        D:3 |     407 |       0 |   0.0 |      28 |       0 |   0.0
        D:4 |     170 |     880 |  83.8 |       9 |       5 |  35.7
        D:5 |     342 |       0 |   0.0 |      19 |       0 |   0.0
        D:6 |     126 |      41 |  24.6 |       2 |       1 |  33.3
        D:7 |    1129 |       0 |   0.0 |      30 |       0 |   0.0
        D:8 |     101 |       0 |   0.0 |       3 |       0 |   0.0
      Sewer |       0 |     389 | 100.0 |       0 |      62 | 100.0
            +---------+---------+-------+---------+---------+-------
